Cogmind - Beta 13 @@@ ROGUE MODE // 2024.03.09 @ 15:43:50 Player: CatPlusPlus Result: Destroyed by Piercing Trap Performance ------------- Evolutions (0) 0 Regions Visited (2) 400 Robots Destroyed (37) 185 Value Destroyed (1068) 1068 Prototype IDs (0) 0 Alien Tech Used (0) 0 Bonus (0) 0 TOTAL SCORE: 1653 Bonus ------- None Cogmind --------- Core Integrity 0/250 Matter 236/300 Energy 167/170 System Corruption 0% Temperature Cool (1) Movement Walking (130) Location -10/Subcaves Parts ------- > --- POWER (1) -------- Makeshift Power Source > --- PROPULSION (2) --- Aluminum Leg Makeshift Leg > --- UTILITY (2) ------ Medium Storage Unit Makeshift Light Armor Plating > --- WEAPON (2) ------- Barrage Gun Battle Cannon > --- INVENTORY (10) --- Light Ion Engine Spiked Treads Improved Heat Sink High-capacity Storage Unit High-capacity Matter Pod (200) Structural Scanner Signal Interpreter Subdweller Shrapnel Launcher Makeshift Axe Makeshift Spear Peak State ------------ > --- POWER ------------ Makeshift Power Source > --- PROPULSION ------- Aluminum Leg Makeshift Leg > --- UTILITY ---------- Medium Storage Unit Makeshift Light Armor Plating > --- WEAPON ----------- Barrage Gun Battle Cannon > --- INVENTORY -------- Light Ion Engine Spiked Treads Aluminum Leg Improved Heat Sink High-capacity Matter Pod Structural Scanner Signal Interpreter Subdweller Shrapnel Launcher Makeshift Axe Makeshift Spear [Rating: 21] Favorites ----------- Power Makeshift Power Source Engine Makeshift Power Source Propulsion Aluminum Leg Leg Aluminum Leg Utility Medium Storage Unit Device Seismic Detector Storage Medium Storage Unit Protection Makeshift Light Armor Plating Weapon Medium Laser Energy Gun Medium Laser Energy Cannon Subdweller Beam Cannon Ballistic Gun Barrage Gun Ballistic Cannon Battle Cannon Launcher Subdweller Shrapnel Launcher Slashing Weapon Mining Claw Build | -11 -10 -10 ------- Run | Yrd Mat Sub Slots Evolved . | . . . Power . | . . . Propulsion . | . . . Utility . | . . . Weapon . | . . . Parts Attached 42 | 1 17 24 Power 4 | . 2 2 Engine 4 | . 2 2 Core . | . . . Reactor . | . . . Propulsion 11 | . 7 4 Treads . | . . . Leg 11 | . 7 4 Wheel . | . . . Hover . | . . . Flight . | . . . Utility 10 | 1 3 6 Device 6 | 1 2 3 Storage 2 | . 1 1 Processor . | . . . Hackware . | . . . Protection 2 | . . 2 Artifact . | . . . Weapon 17 | . 5 12 Energy Gun 5 | . 4 1 Energy Cannon 1 | . . 1 Ballistic Gun 7 | . 1 6 Ballistic Cannon 2 | . . 2 Launcher 1 | . . 1 Special Weapon . | . . . Impact Weapon . | . . . Slashing Weapon 1 | . . 1 Piercing Weapon . | . . . Special Melee Weapon . | . . . Unidentified Prototypes . | . . . Parts Lost 6 | . 1 5 Power 1 | . . 1 Propulsion 1 | . . 1 Utility 2 | . . 2 Weapon 2 | . 1 1 Highest Loss Streak 3 | . 1 3 To Critical Strikes . | . . . Average Slot Usage (%) 94 | . 100 91 Engine 13 | . 14 13 Leg 27 | . 28 26 Device 8 | . 14 4 Storage 11 | . 14 9 Protection 4 | . . 7 Energy Gun 10 | . 22 1 Ballistic Gun 13 | . 5 19 Ballistic Cannon 3 | . . 5 Naked Turns . | . . . Heaviest Build 34 | 13 18 34 Greatest Support 30 | 20 20 30 Greatest Overweight (x) 2 | . . 2 Average Overweight (x) . | . . . Largest Inventory Capacity 10 | 8 10 10 Average Capacity 8 | 8 9 8 Most Carried 10 | 6 10 10 Average Carried 8 | 6 8 8 Final Capacity 10 | 8 10 10 Final Carried 10 | 6 10 10 Class Distribution -------------------- 56% | Mutant 25% | Scavenger-Mutant 18% | Derelict-Mutant Dominant Class ---------------- Scavenger-Mutant | -10/Materials Mutant | -10/Subcaves Resources | -11 -10 -10 ----------- Run | Yrd Mat Sub Matter Collected 1477 | 214 463 800 Remotely . | . . . Salvage Created 1327 | 75 965 287 Parts 67 | 4 48 15 Haulers Intercepted 2 | . 2 . Recyclers Shooed 6 | 1 5 . Parts Field Recycled . | . . . Retrieved Matter . | . . . Parts Self-Destructed 25 | . . 25 Prevented . | . . . Kills | -11 -10 -10 ------- Run | Yrd Mat Sub Combat Hostiles Destroyed 27 | . 14 13 Guns 20 | . 14 6 Cannons 4 | . . 4 AOE 3 | . . 3 Classes Destroyed 8 | 2 4 2 Tunneler 1 | 1 . . Hauler 2 | . 2 . Recycler 3 | 1 2 . Operator 1 | . 1 . Watcher 3 | . 3 . Swarmer 2 | . . 2 Grunt 14 | . 14 . Subdweller 11 | . . 11 Best Kill Streak 5 | 2 3 5 Combat Bots Only 5 | . 3 5 Max Kills in Single Turn 2 | 1 1 2 Gunslinging 1 | . . 1 Exploded 1 | . . 1 Melee . | . . . Uniques/NPCs Destroyed . | . . . Combat | -11 -10 -10 -------- Run | Yrd Mat Sub Hostile Shots Fired 138 | . 67 71 Missed 43 | . 17 26 Damage Taken 1755 | . 647 1108 Core 265 | . 102 163 Absorbed by Shields . | . . . Core Remaining (%) 100 | 100 . . Volleys Fired 160 | 4 86 70 Largest 2 | 2 2 2 Hottest 110 | 60 100 110 Shots Fired 276 | 8 166 102 Gun 227 | 8 166 53 Cannon 42 | . . 42 Launcher 7 | . . 7 Special . | . . . Kinetic 128 | 4 34 90 Thermal 148 | 4 132 12 Explosive . | . . . Electromagnetic . | . . . Robot Hit Streak 13 | 4 13 8 Robot Miss Streak 4 | 1 4 2 Penetration Max . | . . . Secondary Targets 1 | . . 1 Max Gunslinging Chain 1 | . . 1 Shots Hit Robots 165 | 5 107 53 Core Hits 77 | 4 51 22 Critical Kills . | . . . Critical Parts Destroyed . | . . . Critical Strikes 9 | . 5 4 Burn 6 | . 5 1 Destroy 1 | . . 1 Blast 2 | . . 2 Melee Attacks 4 | . . 4 Impact . | . . . Slashing 4 | . . 4 Piercing . | . . . Sneak Attacks . | . . . Combat Hostiles . | . . . Follow-up Attacks . | . . . Damage Inflicted 3325 | 48 1338 1939 Guns 2105 | 48 1336 721 Cannons 318 | . . 318 Explosions 900 | . . 900 Melee . | . . . Ramming 2 | . 2 . Kinetic 2104 | 14 323 1767 Thermal 1219 | 34 1013 172 Explosive . | . . . Electromagnetic . | . . . Impact . | . . . Slashing . | . . . Piercing . | . . . Highest Corruption . | . . . Average Corruption . | . . . Corruption Purged . | . . . Corruption Blocked . | . . . Overload Shots . | . . . Overflow Damage . | . . . Projectiles . | . . . Explosions . | . . . Melee . | . . . Knockbacks 2 | . . 2 Impact . | . . . Kinetic 2 | . . 2 Secondary . | . . . Self-Inflicted Damage . | . . . Shots . | . . . Rammed . | . . . Targets Rammed 3 | . 3 . Kicked 3 | . 3 . Crushed . | . . . Highest Temperature 163 | 20 163 6 Average Temperature 41 | 15 43 4 Received Heat Transfer 447 | . 372 75 Siege Activations . | . . . Robots Corrupted . | . . . Combat Hostiles . | . . . Parts Fried . | . . . Impact Corruptions . | . . . Robots Melted . | . . . Combat Hostiles . | . . . Parts Melted 10 | . 9 1 Heat Transferred 3683 | 75 3238 370 Parts Sabotaged . | . . . Parts Stolen . | . . . Parts Stripped . | . . . Power Chain Reactions . | . . . Alert | -11 -10 -10 ------- Run | Yrd Mat Sub Peak Influence 233 | 10 233 . Initial 6 | . 6 . Average 79 | 8 81 . Maximum Alert Level 1 | . 1 . Low Security (%) 96 | 100 96 . Level 1 3 | . 3 . Level 2 . | . . . Level 3 . | . . . Level 4 . | . . . Level 5 . | . . . High Security . | . . . Max Security . | . . . Squads Dispatched 5 | . 5 . Investigation 3 | . 3 . Extermination . | . . . Reinforcement 2 | . 2 . Assault . | . . . Garrison . | . . . Intercept . | . . . Searches Triggered . | . . . Construction Impeded . | . . . Haulers Reinforced . | . . . Active Scanning Responses . | . . . Cargo Convoy Interrupts . | . . . Stealth | -11 -10 -10 --------- Run | Yrd Mat Sub Distress Signals 1 | . 1 . Communications Jammed . | . . . Distress Signals . | . . . Times Spotted 51 | . 33 18 Peak Tracking Total 6 | . 6 4 Tactical Retreats 5 | . 4 1 Traps | -11 -10 -10 ------- Run | Yrd Mat Sub Traps Triggered 3 | . 2 1 Indirectly . | . . . Trap Hack Attempts . | . . . Triggered . | . . . Disarmed . | . . . Reprogrammed . | . . . Reused . | . . . Traps Extracted . | . . . Installed 2 | . . 2 Triggered . | . . . Machines | -11 -10 -10 ---------- Run | Yrd Mat Sub Machines Disabled . | . . . Max in Single Turn . | . . . Machines Repaired . | . . . Machines Dismantled . | . . . Machines Sabotaged . | . . . Overloaded Fab Kills . | . . . Hacking | -11 -10 -10 --------- Run | Yrd Mat Sub Machines Accessed 5 | . 5 . Terminals 5 | . 5 . Fabricators . | . . . Repair Stations . | . . . Recycling Units . | . . . Scanalyzers . | . . . Garrison Access . | . . . Total Hacks 12 | . 12 . Successful 5 | . 5 . Failed 7 | . 7 . Catastrophic 1 | . 1 . Database Lockouts . | . . . Manual 4 | . 4 . Terminals 12 | . 12 . Fabricators . | . . . Repair Stations . | . . . Recycling Units . | . . . Scanalyzers . | . . . Garrison Access . | . . . Terminal Hacks 5 | . 5 . Unreport Threat 1 | . 1 . Recall Reinforcements 2 | . 2 . Hauler Manifests 2 | . 2 . Fabricator Hacks . | . . . Repair Station Hacks . | . . . Recycling Unit Hacks . | . . . Scanalyzer . | . . . Garrison Access Hacks . | . . . Unauthorized Hacks . | . . . Terminals . | . . . Fabricators . | . . . Repair Stations . | . . . Recycling Units . | . . . Scanalyzers . | . . . Garrison Access . | . . . Data Cores Recovered . | . . . Used . | . . . Hacking Detections 4 | . 4 . Full Trace Events 1 | . 1 . Feedback Events . | . . . Feedback Blocked . | . . . Robot Schematics Acquired . | . . . Robots Built . | . . . Authchips . | . . . Time . | . . . Total Robot Build Rating . | . . . Part Schematics Acquired . | . . . Parts Built . | . . . Authchips . | . . . Time . | . . . Total Part Build Rating . | . . . Parts Repaired . | . . . Time . | . . . Parts Recycled . | . . . Recycled Matter . | . . . Retrieved Matter . | . . . Retrieved Components . | . . . Parts Scanalyzed . | . . . Part Schematics Acquired . | . . . Parts Damaged . | . . . Bothacking | -11 -10 -10 ------------ Run | Yrd Mat Sub Used RIF Installer . | . . . Robots Hacked . | . . . Non-combat . | . . . Combat . | . . . Robot Hacks Applied . | . . . Relay Couplers Released . | . . . Fabnet Peak Effective % . | . . . Robots Rewired . | . . . Allies Hacked . | . . . Hacks Repelled . | . . . Allies | -11 -10 -10 -------- Run | Yrd Mat Sub Total Allies . | . . . Largest Group . | . . . Highest-Rated Group . | . . . Highest-Rated Ally . | . . . Total Orders . | . . . Ally Attacks . | . . . Total Damage . | . . . Kills . | . . . Allies Corrupted . | . . . Allies Melted . | . . . Intel | -11 -10 -10 ------- Run | Yrd Mat Sub Robot Analysis Total . | . . . Derelict Logs Recovered . | . . . Drone Launches . | . . . Drone Recoveries . | . . . Exploration | -11 -10 -10 ------------- Run | Yrd Mat Sub Turns Passed 3203 | 35 1317 1851 Spaces Moved 1793 | 19 757 1017 Core . | . . . Treads . | . . . Legs 1793 | 19 757 1017 Wheels . | . . . Hover . | . . . Flight . | . . . Fastest Speed 120 | 120 120 120 Average Speed 140 | 120 120 156 Slowest Speed 260 | 120 120 260 Overloaded Moves . | . . . Propulsion Burnouts . | . . . Robots Hopped . | . . . Cave-ins Triggered . | . . . Exploration Rate (%) 46 | 3 94 43 Regions Visited 2 Branch Regions 1 Pre-discovered Areas . | . . . Known Exits Taken . | . . . Unknown Exits Taken 2 | 1 1 . Scrap Searched 16 | . . 16 Spaces Dug . | . . . Terrain Destroyed 66 | . . 66 Melee . | . . . Projectile 2 | . . 2 AOE 64 | . . 64 Terrain Rammed . | . . . Walls Destroyed . | . . . Machines Disabled . | . . . Actions | -11 -10 -10 --------- Run | Yrd Mat Sub Total 2200 | 23 1005 1172 Wait 139 | . 118 21 Move 1791 | 18 756 1017 Hop . | . . . Pick Up 21 | . 8 13 Fast Attach 12 | 1 2 9 Attach 3 | . 1 2 Detach 1 | . . 1 Swap 27 | . 14 13 Drop 37 | . 17 20 Fire 160 | 4 86 70 Melee 4 | . . 4 Ram . | . . . Kick 3 | . 3 . Crush . | . . . Escape Stasis . | . . . Rewire . | . . . Trap 2 | . . 2 Miscellaneous . | . . . Route ------- -11/Scrapyard -10/Materials (discovered 5 exits: [*Mat x3] / [*Min] / [*Sub]) -10/Subcaves History --------- Turn | Location | Event 13 | -11/Scrapyard | Discovered new exit (range 3) 36 | -11/Scrapyard | Entered Materials 313 | -10/Materials | Build established: Mutant 782 | -10/Materials | Discovered new exit (range 10) 806 | -10/Materials | Discovered new exit (range 7) 814 | -10/Materials | Build established: Scavenger-Mutant 946 | -10/Materials | Discovered new exit (range 16) 1045 | -10/Materials | Discovered new exit (range 12) 1344 | -10/Materials | Discovered new exit (range 8) 1353 | -10/Materials | Entered Subcaves 1414 | -10/Subcaves | Shifting Twisted Machinery released Sub. Machine Gun 1446 | -10/Subcaves | Shifting Twisted Machinery released Sub. Monowheel 1603 | -10/Subcaves | Core integrity fell below 50% 1619 | -10/Subcaves | Build established: Mutant 2373 | -10/Subcaves | Disturbed a concealed Subdweller 2389 | -10/Subcaves | Core integrity fell below 20% 2489 | -10/Subcaves | Shifting Twisted Machinery released Piercing Trap 2535 | -10/Subcaves | Lost 3 parts (1n1u1w) 2614 | -10/Subcaves | Shifting Twisted Machinery released Mak. Light Armor Plating 2629 | -10/Subcaves | Shifting Twisted Machinery released Piercing Trap 2921 | -10/Subcaves | Build established: Derelict-Mutant 3204 | -10/Subcaves | Destroyed by Piercing Trap Last Messages --------------- 02877_ Found Sub. Machine Gun. 02877_ Found Sub. Monowheel. 02877_ Found 17 Matter. 02878_ Acquired 17 matter. 02978_ 7S-UYN(R) knocked back. 02981_ 7S-UYN(R) suffers critical hit (Blast). 02981_ 7S-UYN(R) destroyed. 02984_ 8D-CYM(R) destroyed. 02987_ Acquired 44 matter. 02992_ Dropped Aluminum Leg. 02993_ Acquired 21 matter. 02995_ Acquired Hcp. Storage Unit. 03051_ MC-QG5(u) tweaks Twisted Machinery. 03088_ MC-QG5(u) deconstructs Twisted Machinery. 03096_ MC-QG5(u) deconstructs Twisted Machinery. 03204_ Triggered Piercing Trap. 03204_ Spikes shoot up from the floor. 03204_ Critical hit (Impale). [Achievement: Back For More] Map ----- +----------------------------------------------------+ | ??????????????# * ["## ###?## # | | ??????????????# [ "## ## ##?# ## | | ??????????????#" [" ## #" ## ### # # | | ??????????????#"" ""#### ## ### | | ??????????????#"" ##" # =#### | | ??????????????#" """ ## ##?# ##### ### | | ??????????????# "" ! ##& ### #???###?## | | ??????????????# """"""" ### =& ##??????# | | ??????????????##"" " ""#### !%*% ###???## | | ???????????????########## % #???# | | ????????????????????????# ####### #???## | | ????????????????????????# #?????# ##??## | | ????????????????????????# #????# #### | | ????????????????????????# ###????## | | ????????????????????????####???????# | | ???????????????????????????????????## | | ????????????????????????????????????#### ## | | ???????????????????????????????????????#### #### | | ????????????????????????????????????????## #??? | | ??????????????????????????????????????###" "" #??? | | ??????????????????????????????????##### # #### | | ????????????????????????????????### ## # # # | | ???????????????????????????????## ### ### | | ???????????????????????####????#" ##" ##?###"## | | ??????????????????????## #??### "" ## "##???###? | | ?????????????????????## @#### # "" ""#??????? | | ?????????????????????# """"""##??????? | | ??????????????" ^ # """"#???????# | | ??????????????## ## [%& ##### """"""""#???????# | | ??????????????????#### = ##???#### "%%"# ? ???# | | ?????????????????????# ###???????## "&%"% ???? | | ????????????????????# ???????????#=]![| ???? | | ??????????????????? %=???????????#""! % "??? | | ?????????????????? ???????????? #? ??? | | ????????????????? # ?????????????? #?? * ??? | | ????????????????" ####?????????????????#???%""??? | | ????????????????###?????????????????????????# ?? | | ????????????????????????????????????????????# ## | | ????????????????????????????????????????????# # | | ????????????????????????????????????????????# # | | ??????????????????????????????????????????## ###* | | ??????????????????????????????????????????# %= | | ?????????????????????????????????????????# =# | | ?????????????????????????????????????????######### | | ?????????????????????????????????????????????????? | | ?????????????????????????????????????????????????? | | ?????????????????????????????????????????????????? | | ?????????????????????????????????????????????????? | | ?????????????????????????????????????????????????? | | ?????????????????????????????????????????????????? | +----------------------------------------------------+ Best States ------------- Heat Dissipation 39 Energy Generation 15 Energy Capacity 250 Matter Stores 300 Matter Capacity 300 Sight Range 16 Terrain Scan Density 10 Armor Coverage 800 Evasion (%) 55 Item Schematics ----------------- None Robot Schematics ------------------ None Fabricated ------------ Nothing Alien Tech Used ----------------- None Achievements -------------- Back For More Challenges ------------ None Game ------ Seed IntegratedWeaponsLance Manual? 0 Play Time 00:27:57 Cumulative 86.9 hours Start 2024.03.09 @ 15:24:51 End 2024.03.09 @ 15:43:50 Sessions 1 Manual Loads 0 Difficulty Rogue Special Mode None Game No. 50 Rogue 50 Adventurer 0 Explorer 0 Win Type - Total 3 Types 2/0/0/1/0/0/0/0/0 Lore% 52 Gallery% 68 Achievement% 47 Wizard Run 0 Options --------- Layout 2 ASCII 0 Keyboard 1 Movement Numpad Keybinds 0 Fullscreen 2 Font 32/Tamsyn Map View 50x44 Zoom Use 0% Tactical HUD 1 Map Filters NONE Filters NONE Steam 1 RUN: 8ac4d9a6-1014-4093-b6db-b17e4390301e